Cogmind - Beta 15 *** ADVENTURER MODE // 2025.08.01 @ 09:17:00 Player: LegoMDS Result: Destroyed by D5-A4J(R) with Subdweller Machine Gun Performance ------------- Evolutions (0) 0 Regions Visited (3) 600 Robots Destroyed (30) 150 Value Destroyed (557) 557 Prototype IDs (0) 0 Alien Tech Used (0) 0 Bonus (0) 0 TOTAL SCORE: 1307 Bonus ------- None Cogmind --------- Core Integrity 0/250 Matter 300/300 Energy 150/170 System Corruption 1% Temperature Cool (0) Movement Core (500) Ox9 Location -10/Subcaves Parts ------- > --- POWER (1) -------- Makeshift Power Source > --- PROPULSION (2) --- (None) > --- UTILITY (2) ------ Improved Heat Sink (fused) Large Storage Unit > --- WEAPON (2) ------- Medium Laser Particle Gun > --- INVENTORY (15) --- Ion Engine Ion Engine Light Nuclear Core Light Nuclear Core Subdweller Optics Signal Interpreter Salvage Targeting Computer Targeting Computer Medium Laser Assault Rifle Mini Grenade Launcher Mining Laser Plasma Cutter Peak State ------------ > --- POWER ------------ Makeshift Power Source > --- PROPULSION ------- Light Treads Light Treads > --- UTILITY ---------- Improved Heat Sink Large Storage Unit > --- WEAPON ----------- Particle Gun Mining Laser > --- INVENTORY -------- Ion Engine Ion Engine Light Nuclear Core Light Nuclear Core Signal Interpreter Salvage Targeting Computer Targeting Computer Medium Laser Medium Laser Assault Rifle Mini Grenade Launcher Plasma Cutter EMP Trap EMP Trap [Rating: 15] Favorites ----------- Power Light Nuclear Core Engine Ion Engine Power Core Light Nuclear Core Propulsion Light Treads Treads Light Treads Utility Large Storage Unit Device Improved Heat Sink Storage Large Storage Unit Weapon Assault Rifle Energy Gun Medium Laser Ballistic Gun Assault Rifle Special Weapon Mining Laser Build | -11 -10 -10 -10 ------- Run | Yrd Mat Min Sub Slots Evolved . | . . . . Power . | . . . . Propulsion . | . . . . Utility . | . . . . Weapon . | . . . . Parts Attached 15 | 6 2 5 2 Power 3 | 1 . 1 1 Engine 2 | 1 . . 1 Core 1 | . . 1 . Reactor . | . . . . Propulsion 2 | 2 . . . Treads 2 | 2 . . . Leg . | . . . . Wheel . | . . . . Hover . | . . . . Flight . | . . . . Utility 4 | 1 2 1 . Device 1 | . . 1 . Storage 3 | 1 2 . . Processor . | . . . . Hackware . | . . . . Protection . | . . . . Artifact . | . . . . Weapon 6 | 2 . 3 1 Energy Gun 3 | 1 . 2 . Energy Cannon . | . . . . Ballistic Gun 2 | 1 . 1 . Ballistic Cannon . | . . . . Launcher . | . . . . Special Weapon 1 | . . . 1 Impact Weapon . | . . . . Slashing Weapon . | . . . . Piercing Weapon . | . . . . Special Melee Weapon . | . . . . Unidentified Prototypes . | . . . . Parts Lost 3 | . . 1 2 Power . | . . . . Propulsion 2 | . . . 2 Utility . | . . . . Weapon 1 | . . 1 . Highest Loss Streak 2 | . . 1 2 To Critical Strikes 1 | . . . 1 Average Backups 8 | 1 4 10 11 Power 2 | . 1 2 3 Propulsion . | . . . . Utility 2 | . 2 3 3 Weapon 2 | . . 4 4 Tool/Special . | . . . . Unused Backups 8 | . . . 8 Power 2 | . . . 2 Propulsion . | . . . . Utility 3 | . . . 3 Weapon 2 | . . . 2 Tool/Special 1 | . . . 1 Average Slot Usage (%) 93 | . 85 98 97 Engine 7 | . 14 . 8 Core 6 | . . 13 5 Treads 27 | . 28 28 25 Device 8 | . . 13 14 Storage 14 | . 14 14 14 Energy Gun 15 | . 14 14 20 Ballistic Gun 11 | . 14 12 . Special Weapon 1 | . . . 7 Peak Build Rating 15 | 6 7 13 15 Average Rating 10 | 3 6 12 14 On Entrance 6 | . 6 7 13 Naked Turns . | . . . . Heaviest Build 31 | 14 29 31 31 Greatest Support 40 | 40 40 40 40 Greatest Overweight (x) 9 | . . . 9 Average Overweight (x) . | . . . . Largest Inventory Capacity 15 | 8 15 15 15 Average Capacity 13 | 6 12 15 15 Most Carried 15 | 4 10 15 14 Average Carried 9 | 1 4 12 13 Final Capacity 15 | 8 15 15 15 Final Carried 13 | 1 10 13 13 Class Distribution -------------------- 100% | Mutant Dominant Class ---------------- Mutant | -10/Materials Mutant | -10/Mines Mutant | -10/Subcaves Resources | -11 -10 -10 -10 ----------- Run | Yrd Mat Min Sub Matter Collected 554 | 260 64 186 44 Remotely . | . . . . Salvage Created 733 | . 289 373 71 Parts 49 | . 25 21 3 Haulers Intercepted 1 | . 1 . . Recyclers Shooed 1 | . 1 . . Parts Field Recycled . | . . . . Retrieved Matter . | . . . . Parts Self-Destructed 4 | . . . 4 Prevented . | . . . . Kills | -11 -10 -10 -10 ------- Run | Yrd Mat Min Sub Combat Hostiles Destroyed 26 | . 10 14 2 Guns 26 | . 10 14 2 Classes Destroyed 5 | . 4 . 1 Hauler 1 | . 1 . . Watcher 3 | . 3 . . Swarmer 18 | . 9 9 . Grunt 7 | . 1 5 1 Subdweller 1 | . . . 1 Best Kill Streak 7 | . 7 3 1 Combat Bots Only 3 | . 3 3 1 Max Kills in Single Turn 2 | . 1 2 1 Gunslinging 1 | . . 1 . Exploded . | . . . . Melee . | . . . . Uniques/NPCs Destroyed . | . . . . Combat | -11 -10 -10 -10 -------- Run | Yrd Mat Min Sub Hostile Shots Fired 151 | . 46 87 18 Missed 47 | . 16 28 3 Hits 104 | . 30 59 15 Projectile 104 | . 30 59 15 Critical Strikes 1 | . . . 1 Damage Taken 908 | . 197 481 230 Core 252 | . 37 105 110 Absorbed by Shields . | . . . . Ignored by Resistances 286 | . 63 157 66 Core Remaining (%) 100 | 100 . . . Volleys Fired 72 | . 24 36 12 Largest 2 | . 2 2 2 Hottest 115 | . 70 85 115 Shots Fired 135 | . 48 66 21 Gun 132 | . 48 66 18 Cannon . | . . . . Launcher . | . . . . Special 3 | . . . 3 Kinetic 54 | . 24 30 . Thermal 81 | . 24 36 21 Explosive . | . . . . Electromagnetic . | . . . . Robot Hit Streak 19 | . 7 19 18 Robot Miss Streak 4 | . 4 3 . Penetration Max . | . . . . Secondary Targets 3 | . . 3 . Max Gunslinging Chain 1 | . . 1 . Shots Hit Robots 98 | . 31 50 17 Core Hits 45 | . 17 22 6 Critical Kills . | . . . . Critical Parts Destroyed . | . . . . Critical Strikes 11 | . 2 6 3 Burn 11 | . 2 6 3 Melee Attacks . | . . . . Impact . | . . . . Slashing . | . . . . Piercing . | . . . . Sneak Attacks . | . . . . Combat Hostiles . | . . . . Follow-up Attacks . | . . . . Damage Inflicted 1302 | . 426 635 241 Guns 1302 | . 426 635 241 Cannons . | . . . . Explosions . | . . . . Melee . | . . . . Ramming . | . . . . Kinetic 480 | . 214 266 . Thermal 822 | . 212 369 241 Explosive . | . . . . Electromagnetic . | . . . . Impact . | . . . . Slashing . | . . . . Piercing . | . . . . Highest Corruption 1 | . 1 1 1 Average Corruption 1 | . 1 1 1 Corruption Purged . | . . . . Corruption Blocked . | . . . . Effects 16 | . 4 10 2 Message Errors 6 | . 3 3 . Matter Fused 3 | . . 2 1 Heat Flow Errors 1 | . 1 . . Parts Rejected 1 | . . 1 . Parts Fused 1 | . . . 1 Data Loss (minor) 3 | . . 3 . Alerts 1 | . . 1 . Overload Shots . | . . . . Overflow Damage . | . . . . Projectiles . | . . . . Explosions . | . . . . Melee . | . . . . Knockbacks . | . . . . Impact . | . . . . Kinetic . | . . . . Secondary . | . . . . Self-Inflicted Damage . | . . . . Shots . | . . . . Rammed . | . . . . Targets Rammed . | . . . . Kicked . | . . . . Crushed . | . . . . Highest Temperature 157 | . 157 99 . Average Temperature 27 | . 22 51 . Received Heat Transfer 276 | . 18 246 12 Siege Activations . | . . . . Martial Activations . | . . . . Shielding Activations . | . . . . Robots Disrupted . | . . . . Combat Hostiles . | . . . . Robots Corrupted . | . . . . Combat Hostiles . | . . . . Parts Fried . | . . . . Impact Corruptions . | . . . . Robots Melted . | . . . . Combat Hostiles . | . . . . Parts Melted 8 | . 2 6 . Heat Transferred 3145 | . 777 1517 851 Parts Sabotaged . | . . . . Parts Stolen . | . . . . Parts Stripped . | . . . . Power Chain Reactions . | . . . . Alert | -11 -10 -10 -10 ------- Run | Yrd Mat Min Sub Maximum Alert Level . | . . . . Low Security (%) 100 | 100 100 100 . Level 1 . | . . . . Level 2 . | . . . . Level 3 . | . . . . Level 4 . | . . . . Level 5 . | . . . . High Security . | . . . . Max Security . | . . . . Peak Influence 104 | . 82 104 . Initial . | . . . . Average 28 | . 22 35 . Influence Increases 653 | . 259 374 20 Destroy 0b10 Robot/C 500 | . 200 280 20 Destroy 0b10 Robot/NC 20 | . 20 . . Destroy Leader 98 | . 38 60 . Trap Triggered on 0b10 10 | . . 10 . Disable Machine 9 | . . 9 . Destroy Structure 1 | . 1 . . Lose Combat Pursuer 15 | . . 15 . Influence Decreases 653 | . 259 374 20 Time Decay 643 | . 259 364 20 Lost Part 10 | . . 10 . Squads Dispatched . | . . . . Investigation . | . . . . Extermination . | . . . . Reinforcement . | . . . . Assault . | . . . . Garrison . | . . . . Intercept . | . . . . Searches Triggered . | . . . . Construction Impeded . | . . . . Haulers Reinforced . | . . . . Active Scanning Responses . | . . . . Cargo Convoy Interrupts . | . . . . Stealth | -11 -10 -10 -10 --------- Run | Yrd Mat Min Sub Distress Signals 1 | . 1 . . Communications Jammed . | . . . . Distress Signals . | . . . . Times Spotted 33 | . 14 16 3 Peak Tracking Total 4 | . 4 3 1 Tactical Retreats 1 | . . 1 . Traps | -11 -10 -10 -10 ------- Run | Yrd Mat Min Sub Traps Triggered 1 | . 1 . . Indirectly . | . . . . Trap Hack Attempts . | . . . . Triggered . | . . . . Disarmed . | . . . . Reprogrammed . | . . . . Reused 1 | . . 1 . Traps Extracted . | . . . . Installed 5 | . . 3 2 Triggered 1 | . . 1 . Most Traps Carried 5 | . . 5 2 Machines | -11 -10 -10 -10 ---------- Run | Yrd Mat Min Sub Machines Disabled 1 | . . 1 . Max in Single Turn 1 | . . 1 . Machines Repaired . | . . . . Machines Dismantled . | . . . . Machines Sabotaged . | . . . . Overloaded Fab Kills . | . . . . Hacking | -11 -10 -10 -10 --------- Run | Yrd Mat Min Sub Machines Accessed 7 | . 7 . . Terminals 7 | . 7 . . Fabricators . | . . . . Repair Stations . | . . . . Recycling Units . | . . . . Scanalyzers . | . . . . Garrison Access . | . . . . Total Hacks 11 | . 11 . . Successful 6 | . 6 . . Failed 5 | . 5 . . Catastrophic . | . . . . Database Lockouts . | . . . . Manual . | . . . . Terminals 11 | . 11 . . Fabricators . | . . . . Repair Stations . | . . . . Recycling Units . | . . . . Scanalyzers . | . . . . Garrison Access . | . . . . Terminal Hacks 6 | . 6 . . Branch Access Points 1 | . 1 . . Emergency Access Points 1 | . 1 . . Hauler Manifests 2 | . 2 . . Registered Components 1 | . 1 . . Zone Layout 1 | . 1 . . Fabricator Hacks . | . . . . Repair Station Hacks . | . . . . Recycling Unit Hacks . | . . . . Scanalyzer . | . . . . Garrison Access Hacks . | . . . . Unauthorized Hacks . | . . . . Terminals . | . . . . Fabricators . | . . . . Repair Stations . | . . . . Recycling Units . | . . . . Scanalyzers . | . . . . Garrison Access . | . . . . Data Cores Recovered . | . . . . Used . | . . . . Hacking Detections 2 | . 2 . . Full Trace Events . | . . . . Feedback Events . | . . . . Feedback Blocked . | . . . . Robot Schematics Acquired . | . . . . Robots Built . | . . . . Authchips . | . . . . Time . | . . . . Total Robot Build Rating . | . . . . Part Schematics Acquired . | . . . . Parts Built . | . . . . Authchips . | . . . . Time . | . . . . Total Part Build Rating . | . . . . Parts Repaired . | . . . . Time . | . . . . Parts Recycled . | . . . . Recycled Matter . | . . . . Retrieved Matter . | . . . . Retrieved Components . | . . . . Parts Scanalyzed . | . . . . Part Schematics Acquired . | . . . . Parts Damaged . | . . . . Bothacking | -11 -10 -10 -10 ------------ Run | Yrd Mat Min Sub Used RIF Installer . | . . . . Robots Hacked . | . . . . Non-combat . | . . . . Combat . | . . . . Robot Hacks Applied . | . . . . Relay Couplers Released . | . . . . Fabnet Peak Effective % . | . . . . Robots Rewired . | . . . . Allies Hacked . | . . . . Hacks Repelled . | . . . . Allies | -11 -10 -10 -10 -------- Run | Yrd Mat Min Sub Total Allies . | . . . . Largest Group . | . . . . Highest-Rated Group . | . . . . Highest-Rated Ally . | . . . . Total Orders . | . . . . Ally Attacks . | . . . . Total Damage . | . . . . Kills . | . . . . Allies Corrupted . | . . . . Allies Melted . | . . . . Intel | -11 -10 -10 -10 ------- Run | Yrd Mat Min Sub Active Infowar (turns) . | . . . . Robot Analysis Total . | . . . . Derelict Logs Recovered 1 | . . 1 . Drone Launches . | . . . . Drone Recoveries . | . . . . Exploration | -11 -10 -10 -10 ------------- Run | Yrd Mat Min Sub Turns Passed 2499 | 67 946 1096 390 Spaces Moved 1370 | 37 529 595 209 Core 9 | 7 . . 2 Treads 1361 | 30 529 595 207 Legs . | . . . . Wheels . | . . . . Hover . | . . . . Flight . | . . . . Fastest Speed 50 | 50 160 160 160 Average Speed 160 | 139 160 160 164 Slowest Speed 500 | 160 160 160 500 Overloaded Moves . | . . . . Propulsion Burnouts . | . . . . Robots Hopped . | . . . . Potential Cave-ins . | . . . . Cave-ins Triggered . | . . . . Exploration Rate (%) 53 | 5 96 98 15 Regions Visited 3 Branch Regions 2 Pre-discovered Areas 1 | . . 1 . Known Exits Taken 1 | . 1 . . Unknown Exits Taken 2 | 1 . 1 . Scrap Searched 1 | . . 1 . Spaces Dug 3 | . . . 3 Terrain Destroyed 3 | . . . 3 Melee . | . . . . Projectile 3 | . . . 3 AOE . | . . . . Terrain Rammed . | . . . . Walls Destroyed . | . . . . Machines Disabled . | . . . . Actions | -11 -10 -10 -10 --------- Run | Yrd Mat Min Sub Total 1538 | 53 581 674 230 Wait 39 | 4 14 21 . Move 1367 | 36 528 594 209 Hop . | . . . . Pick Up 30 | 7 11 10 2 Fast Attach . | . . . . Attach 9 | 6 . 3 . Detach . | . . . . Swap 8 | . 2 3 3 Drop 8 | . 2 4 2 Fire 72 | . 24 36 12 Melee . | . . . . Ram . | . . . . Kick . | . . . . Crush . | . . . . Escape Stasis . | . . . . Rewire . | . . . . Trap 5 | . . 3 2 Miscellaneous . | . . . . Route ------- -11/Scrapyard -10/Materials (discovered 3 exits: [*Mat x2] / *Min) -10/Mines (discovered 3 exits: [*Mat x2] / [*Sub]) -10/Subcaves (discovered 1 exit: [*Mat]) History --------- Turn | Location | Event 2 | -11/Scrapyard | Met Revision 17 5 | -11/Scrapyard | Discovered new exit (range 15) 68 | -11/Scrapyard | Entered Materials 234 | -10/Materials | Identified exit to Mines 302 | -10/Materials | Build established: Mutant 326 | -10/Materials | Discovered new exit (range 4) 845 | -10/Materials | Discovered new exit (range 14) 1014 | -10/Materials | Entered Mines 1045 | -10/Mines | Received a Rocket Launcher from a helpful Derelict 1121 | -10/Mines | Discovered new exit (range 8) 1159 | -10/Mines | Found a hidden stash of uninstalled traps 1376 | -10/Mines | Core integrity fell below 50% 1485 | -10/Mines | Learned Materials security intel 1717 | -10/Mines | Learned location of Storage (-9) 1811 | -10/Mines | Discovered new exit (range 7) 2104 | -10/Mines | Discovered new exit (range 5) 2110 | -10/Mines | Entered Subcaves 2111 | -10/Subcaves | Approached by a straggling Scientist 2244 | -10/Subcaves | Shifting Twisted Machinery released Mak. Power Source 2269 | -10/Subcaves | Discovered new exit (range 12) 2272 | -10/Subcaves | Shifting Twisted Machinery released Sub. Shrapnel Launcher 2437 | -10/Subcaves | Shifting Twisted Machinery released Shrapnel Trap 2495 | -10/Subcaves | Core integrity fell below 20% 2500 | -10/Subcaves | Destroyed by D5-A4J(R) with Subdweller Machine Gun Last Messages --------------- QS-KY8(c): "I think it's somewhere west of here" DP-ODR(O) collects matter. Shrapnel Trap falls loose from the Twisted Machinery. Dropped EMP Trap. Installed EMP Trap. Dropped EMP Trap. Installed EMP Trap. Critical hit (Destroy). Lgt. Treads destroyed. QS-KY8(c): "I think it's somewhere west of here" WQ-APT(R) suffers critical hit (Burn). Lgt. Treads destroyed. WQ-APT(R) suffers critical hit (Burn). QS-KY8(c) destroyed. WQ-APT(R) destroyed. Subatomizers dissect the Wheel. Acquired Sub. Optics. Subatomizers dissect the Wheel. Map ----- +----------------------------------------------------+ | ?????????????????????????????????????????????????? | | ?????????????????????????????????????????????????? | | ?????????????????????????????????????????????????? | | ?????????????????????????????????????????????????? | | ?????????????????????????????????????????????????? | | ?????????????????????????????????????????????????? | | ?????????????????????????????????????????????????? | | ?????????????????????????????????????????????????? | | ?????????????????????????????????????????????????? | | ?????????????????????????????????????????????????? | | ?????????????????????????????????????????????????? | | ?????????????????????????????????????????????????? | | ???????????????????????????##????????????????????? | | ??????????????????????????# ????????????????????? | | ??????????????????????#### ????#????????????????? | | ?????????????????##??## % ???"###"?????????????# | | ?????????????????#"### #??"" """????????????## | | ??????????????????""" ### ""???????????## | | ??????????????????? "#??????????## | | ???????????????????? % % #??# ??????## < | | ????????????????????? & #??# ???????# | | ??????????????????????# " #?## ???#### | | ???????????????????????#&& ""#??# ???# | | ??????????????????????##%^ " "#?## ???# | | ??????????????????????#[^ " ### #???# | | ??????????????????????# @ """" ## ##?## | | ???????????## ???????# """"" # ### #? | | ?????????? ??????# """"""# ### #? | | ?????????? ??### """"" # ## | | ??????????# ## #R """""" # ## | | ????????????# !%* "## #?# | | ????????????# = ### & ##### | | ???????????# ###### ## | | ????????????????????#### | | ?????????????????????## | | ?????????????????????# # # ### # # # | | ????????????????????# ## ###### ##?# ###### | | ????????????????????# #### ##????###??###????? | | ????????????????????######??####?????????????????? | | ?????????????????????????????????????????????????? | | ?????????????????????????????????????????????????? | | ?????????????????????????????????????????????????? | | ?????????????????????????????????????????????????? | | ?????????????????????????????????????????????????? | | ?????????????????????????????????????????????????? | | ?????????????????????????????????????????????????? | | ?????????????????????????????????????????????????? | | ?????????????????????????????????????????????????? | | ?????????????????????????????????????????????????? | | ?????????????????????????????????????????????????? | +----------------------------------------------------+ Best States ------------- Heat Dissipation 39 Energy Generation 15 Energy Capacity 250 Matter Stores 300 Matter Capacity 300 Sight Range 16 Terrain Scan Density 10 Resistance: KI 20 Resistance: TH 20 Resistance: EX 20 Resistance: EM 20 Resistance: I 20 Resistance: S 20 Resistance: P 20 Evasion (%) 40 Recoil Reduction 2 Offensive Hacking 10 Item Schematics ----------------- None Robot Schematics ------------------ None Fabricated ------------ Nothing Repaired ---------- Nothing Alien Tech Used ----------------- None Achievements -------------- None Challenges ------------ None Game ------ Seed StorageThiefMatrix Manual? 0 Play Time 00:11:17 Cumulative 92.6 hours Start 2025.08.01 @ 09:07:23 End 2025.08.01 @ 09:17:00 Sessions 1 Manual Loads 0 Difficulty Adventurer Special Mode None Game No. 132 Rogue 13 Adventurer 119 Explorer 0 Win Type - Total 0 Types 0/0/0/0/0/0/0/0/0/0 Lore% 68 Gallery% 60 Achievement% 46 Wizard Run 0 Options --------- Layout 1 ASCII 0 Keyboard 0 Movement Mouse Keybinds 0 Fullscreen 1 Font 32/SmallcapsGlow Map View 50x35 Zoom Use 0% Tactical HUD 0 Map Filters NONE Filters NONE Steam 1 RUN: b36f6af5-f72c-48ea-86e5-4b4caa350043